 Dungeon Crawl Stone Soup version 0.24.0-125-gc4c63601f3 (webtiles) character file.

Game seed: 14070555071215261364, levelgen mode: deterministic

56 Adamkad1 the Vexing (level 3, -3/35 HPs)
             Began as an Ogre Arcane Marksman on Mar 13, 2020.
             Slain by a gnoll (8 damage)
             ... on level 2 of the Dungeon.
             The game lasted 00:06:31 (1608 turns).

Adamkad1 the Vexing (Ogre Arcane Marksman)          Turns: 1608, Time: 00:06:31

Health: -3/35      AC:  3    Str: 15    XL:     3   Next: 95%
Magic:  6/6        EV: 10    Int: 14    God:
Gold:   66         SH:  0    Dex:  9    Spells: 5/6 levels left

rFire    . . .     SeeInvis .   (no weapon)
rCold    . . .     Gourm    .   (no shield)
rNeg     . . .     Faith    .   a - +0 robe
rPois    .         Spirit   .   (helmet restricted)
rElec    .         Reflect  .   (no cloak)
rCorr    .         Harm     .   (gloves unavailable)
MR       .....                  (boots unavailable)
Stlth    +.........             (no amulet)
HPRegen  0.11/turn              (no ring)
MPRegen  0.10/turn              (no ring)

@: no status effects
A: large, unfitting armour, tough skin 1
a: no special abilities


You were on level 2 of the Dungeon.
You were not hungry.

You visited 1 branch of the dungeon, and saw 2 of its levels.

You collected 66 gold pieces.

Inventory:

Missiles
 c - a large rock (quivered)
 g - 28 stones
 k - a throwing net
Armour
 a - a +0 robe (worn)
Scrolls
 b - a scroll of amnesia {unknown}
 e - 4 scrolls of identify {unknown}
 h - 2 scrolls of enchant weapon {unknown}
 j - a scroll of fear {unknown}
Potions
 i - a potion of invisibility {unknown}
Comestibles
 d - 3 chunks of flesh
 f - 4 rations


   Skills:
 + Level 2.2 Fighting
 * Level 2.8 Throwing
 + Level 2.0 Dodging
 * Level 2.3 Spellcasting
 + Level 3.0 Hexes


You had 5 spell levels left.
You knew the following spells:

 Your Spells              Type           Power        Failure   Level  Hunger
a - Corona                Hex            ##.....      7%          1    #......

Your spell library contained the following spells:

 Spells                   Type           Power        Failure   Level  Hunger
 Slow                     Hex            ##......     11%         2    ###....
 Inner Flame              Hex/Fire       #.......     36%         3    ###....
 Portal Projectile        Hex/Tloc       #.....       36%         3    ###....
 Cause Fear               Hex            ##........   56%         4    #####..
 Leda's Liquefaction      Hex/Erth       #.........   77%         4    #####..


Dungeon Overview and Level Annotations

Branches:
Dungeon (2/15)

Altars:


Innate Abilities, Weirdness & Mutations

You are too large for most types of armour.
You have tough skin. (AC +1)


Message History

The hobgoblin closely misses you. The hobgoblin barely misses you.
The gnoll hits you.
* * * LOW HITPOINT WARNING * * *
The hobgoblin barely misses you.
Your magical contamination has completely faded away.
Casting: Corona (safe; 7% risk of failure)
Confirm with . or Enter, or press ? or * to list all spells.
Okay, then.
The gnoll shouts!
The gnoll hits you.
* * * LOW HITPOINT WARNING * * *
The gnoll closely misses you.
You see here 13 arrows.
The gnoll barely misses you. The gnoll hits you.
* * * LOW HITPOINT WARNING * * *
You see here a large rock.
c - a large rock The gnoll hits you!
You die...

####g#####.......#
#.......##.......#
#.......##......##
#.##.##.##......#####
#.##.##.##.........g.
#.##.##g###.....#####
#....g..##......# #
#....g..##..###.# #
#.##@...(.....#.# #
######)#####.##..#.#.# #
#....g..####.##.##.#(# #
#<####.......##......# #
#.# ##.#########...## #
.... #.# #...# #
##.##.##.# #.>.######
........# #g........
........#########...###.#.


You could see 2 gnolls and a hobgoblin.

Vanquished Creatures
  2 gnolls (D:2)
  An adder zombie (D:2)
  A dart slug (D:1)
  A ball python (D:1)
  4 bats
  4 hobgoblins
  3 jackals (D:1)
  5 kobolds
  3 frilled lizards
  3 goblins
  6 rats (D:1)
33 creatures vanquished.

Notes
Turn   | Place    | Note
-------+----------+-------------------------------------------
     0 | D:1      | Adamkad1 the Ogre Arcane Marksman began the quest for the
                  | Orb.
     0 | D:1      | Reached XP level 1. HP: 19/19 MP: 2/2
   191 | D:1      | Reached XP level 2. HP: 26/27 MP: 4/4
   736 | D:1      | Reached XP level 3. HP: 35/35 MP: 6/6
  1500 | D:2      | Reached skill level 3 in Hexes
  1608 | D:2      | Slain by a gnoll

Levels and vault maps discovered:
D:1:      dpeg_arrival_rhombus, layout_loops_ring
D:2:      layout_loops_cross, kennysheep_ying_yang, cheibriados_altar_1,
          first_ration

Skill      XL: |  1  2  3 |
---------------+----------+-----
Spellcasting   | 2 |  2.3
Fighting       | 2 |  2.2
Dodging        | 2 |  2.0
Hexes          | 3 |  3.0
Throwing       | |  2.8

Action                   || total
-------------------------++-------
Melee: Unarmed           ||   100
Throw: Large rock        ||    47
       Throwing net      ||     6
       Stone             ||     6
 Cast: Corona            ||     4
 Stab: Held in net/web   ||     1
  Eat: Chunk             ||     2
Armor: Robe              ||    54
Dodge: Dodged            ||   103
